Map: Prion Terraces

Players

SpellSinger - Winner!

  • Race: Protoss Protoss
  • League: Grandmaster

Miszu

  • Race: Terran Terran
  • League: Grandmaster

VOD

Have the link to the VOD?

Description

Time

  • Played on: Feb. 22, 2016, 9:18 a.m.
  • Length: 12:24
Show
View Real Time Build Order
Export as new Build Order

SpellSinger Protoss - Winner!

Build Orders: 1 Gate Expand, Blink Stalkers 

Get SALT Encoding   

  12  0:01  Probe (Chrono Boost)  
  13  0:11  Probe (Chrono Boost)  
  14  0:18  Pylon  
  14  0:22  Probe (Chrono Boost)  
  15  0:36  Probe (Chrono Boost)  
  15  0:37  Gateway  
  16  0:47  Probe (Chrono Boost)  
  16  0:48  Assimilator  
  17  0:57  Probe (Chrono Boost)  
  18  1:08  Probe (Chrono Boost)  
  19  1:20  Nexus  
  19  1:31  Cybernetics Core  
  19  1:33  Probe (Chrono Boost)  
  20  1:41  Assimilator  
  20  1:43  Probe (Chrono Boost)  
  21  1:50  Pylon  
  22  1:54  Probe (Chrono Boost)  
  22  2:04  Probe (Chrono Boost)  
  22  2:08  Adept (Chrono Boost), Warp Gate  
  25  2:15  Probe  
  26  2:28  Probe (Chrono Boost)  
  26  2:29  Twilight Council  
  27  2:34  Probe (Chrono Boost)  
  27  2:36  Stalker  
  30  2:39  Probe (Chrono Boost)  
  31  2:47  Probe (Chrono Boost)  
  32  2:53  Probe (Chrono Boost)  
  32  2:57  Probe (Chrono Boost)  
  34  3:01  Pylon  
  34  3:04  Probe (Chrono Boost)  
  35  3:07  Blink (Chrono Boost), Probe (Chrono Boost)  
  36  3:15  Probe  
  36  3:17  Probe  
  38  3:27  Gateway x2, Probe x2  
  39  3:29  Assimilator  
  38  3:38  Assimilator  
  38  3:39  Mothership Core  
  40  3:44  Probe  
  40  3:45  Pylon  
  41  3:54  Probe  
  41  3:56  Forge  
  41  4:00  Probe  
  43  4:03  Gateway  
  43  4:05  Probe  
  43  4:08  Robotics Facility  
  44  4:12  Probe  
  44  4:14  Stalker  
  47  4:21  Pylon  
  47  4:22  Probe  
  48  4:30  Adept, Stalker  
  52  4:32  Probe  
  52  4:33  Protoss Ground Armor Level 1 (Chrono Boost)  
  52  4:36  Probe  
  54  4:39  Stalker  
  56  4:48  Gateway  
  56  4:49  Gateway  
  56  5:06  Stalker x4  
  64  5:15  Pylon, Probe  
  65  5:26  Warp Prism (Chrono Boost)  
  67  5:35  Stalker x4  
  75  5:46  Sentry  
  77  5:52  Nexus  
  77  5:53  Pylon  
  77  6:03  Pylon  
  77  6:07  Pylon  
  77  6:09  Protoss Ground Weapons Level 1 (Chrono Boost)  
  77  6:13  Stalker x4  
  75  6:33  Adept  
  75  6:34  Adept, Probe  
  75  6:37  Probe  
  81  6:40  Adept  
  81  6:42  Adept x2  
  81  6:44  Immortal (Chrono Boost)  
  81  6:46  Probe  
  92  6:47  Resonating Glaives  
  92  6:49  Probe  
  93  6:59  Probe  
  88  7:10  Probe  
  88  7:13  Probe  
  90  7:19  Immortal (Chrono Boost)  
  90  7:20  Stalker x5, Probe  
  97  7:39  Pylon  
  97  7:41  Protoss Ground Armor Level 2  
  97  7:43  Pylon  
  95  7:48  Stalker x4  
  99  7:53  Immortal (Chrono Boost)  
  99  7:54  Stalker, Probe  
  99  7:56  Probe  
  107  8:04  Pylon  
  107  8:08  Dark Shrine  
  107  8:11  Sentry  
  109  8:22  Templar Archives  
  109  8:26  Assimilator  
  109  8:27  Warp Prism (Chrono Boost)  
  109  8:29  Assimilator  
  111  8:39  Nexus  
  111  8:40  Adept x2  
  115  8:44  Adept x2  
  119  8:50  Adept  
  121  9:07  Pylon  
  97  9:27  Dark Templar x2  
  97  9:28  Dark Templar  
  103  9:33  Psionic Storm, Probe  
  103  9:35  Immortal (Chrono Boost)  
  103  9:38  Probe  
  107  9:39  Protoss Ground Weapons Level 2  
  107  9:44  Assimilator  
  107  9:49  Assimilator  
  107  9:50  Photon Cannon  
  107  9:51  High Templar x2  
  107  9:52  Photon Cannon  
  107  10:01  Dark Templar  
  107  10:02  Zealot x2  
  107  10:04  Adept  
  107  10:06  Probe  
  112  10:13  Immortal  
  114  10:24  Probe  
  113  10:29  Nexus  
  107  10:39  High Templar, Stalker x4  
  117  10:45  Gateway  
  117  10:46  Gateway  
  117  10:51  Gateway  
  117  10:52  Immortal  
  117  10:55  Gateway  
  121  11:04  Stalker x4  
  129  11:16  Stalker  
  127  11:26  Pylon  
  127  11:27  Photon Cannon  
  127  11:31  Adept x4  
  135  11:44  Adept  
  137  11:47  Adept x2  
  137  11:48  Adept  
  143  11:55  Adept  
  143  11:56  Adept x3  
  145  12:12  Adept x4  
Show
View Real Time Build Order
Export as new Build Order

Miszu Terran 

Build Orders: Command Center First (CC), MMM Bio 

Get SALT Encoding   

  12  0:00  SCV  
  13  0:12  SCV  
  14  0:18  Supply Depot  
  14  0:24  SCV  
  15  0:39  SCV  
  16  0:51  SCV  
  17  0:59  Command Center  
  17  1:04  SCV  
  18  1:16  SCV  
  18  1:17  Barracks  
  19  1:28  SCV  
  19  1:31  Barracks  
  20  1:40  SCV  
  20  1:45  Barracks  
  21  1:53  SCV  
  22  2:12  Marine, Orbital Command  
  23  2:17  Orbital Command  
  23  2:21  Marine  
  24  2:30  Marine  
  24  2:32  Marine  
  26  2:37  Refinery, SCV  
  26  2:38  Refinery  
  26  2:39  Marine  
  26  2:42  SCV  
  29  2:48  Marine  
  29  2:49  Marine, SCV  
  32  2:54  Supply Depot, SCV  
  32  2:57  Marine  
  34  3:01  SCV  
  35  3:06  Marine, SCV  
  35  3:08  Marine  
  38  3:13  Supply Depot  
  38  3:15  Barracks Tech Lab  
  38  3:16  SCV  
  38  3:18  SCV  
  40  3:24  Marine  
  41  3:28  SCV  
  41  3:30  SCV  
  41  3:34  Marine x2  
  43  3:35  Stimpack  
  43  3:40  SCV  
  46  3:43  Supply Depot, SCV  
  46  3:44  Supply Depot, Engineering Bay  
  46  3:47  Factory, Marine  
  48  3:51  Marine  
  48  3:52  SCV  
  48  3:53  Marine  
  48  3:55  SCV  
  52  4:00  Refinery  
  52  4:04  SCV  
  52  4:05  Supply Depot, Marine  
  52  4:07  SCV  
  52  4:09  Marine  
  56  4:10  Marine  
  56  4:15  Terran Infantry Weapons Level 1  
  56  4:16  SCV  
  58  4:19  SCV  
  58  4:23  Marine  
  60  4:25  Missile Turret  
  60  4:27  Marine  
  60  4:28  SCV  
  60  4:29  Missile Turret  
  60  4:30  Marine  
  64  4:31  SCV  
  64  4:32  Starport  
  64  4:33  Factory Reactor  
  64  4:40  SCV  
  64  4:41  Marine  
  64  4:43  SCV  
  64  4:45  Supply Depot  
  67  4:48  Marauder  
  67  4:49  Marine  
  70  4:53  SCV  
  70  4:55  SCV  
  70  4:59  Marine  
  73  5:05  SCV  
  74  5:07  SCV  
  74  5:08  Supply Depot  
  74  5:09  Command Center  
  74  5:10  Marauder  
  74  5:12  Liberator  
  78  5:17  SCV  
  78  5:19  Barracks Reactor, Barracks Tech Lab  
  78  5:20  SCV  
  78  5:21  Liberator  
  78  5:29  SCV  
  78  5:31  Marauder  
  78  5:33  Barracks  
  78  5:34  Barracks  
  83  5:38  Marauder  
  88  5:42  Concussive Shells  
  88  5:50  Supply Depot, SCV  
  88  5:51  Supply Depot, SCV  
  88  5:52  Marauder  
  88  5:53  Refinery  
  88  5:54  Combat Shields  
  88  5:55  Marine  
  93  6:02  Marine  
  94  6:11  Marauder, SCV x2  
  94  6:13  Marine  
  94  6:15  Supply Depot  
  89  6:24  Marine, Marauder  
  89  6:25  Marine x2  
  91  6:28  Medivac  
  91  6:31  Marine  
  91  6:32  Marine, Orbital Command  
  94  6:36  Medivac  
  97  6:42  Marine x3  
  97  6:43  SCV x2  
  97  6:45  Marine  
  103  6:51  Marauder  
  103  6:52  Refinery  
  103  6:55  SCV  
  103  6:56  Refinery  
  103  6:58  Medivac  
  104  7:03  Marine  
  104  7:04  Marauder  
  105  7:12  Marauder  
  102  7:18  Marine  
  98  7:25  Marauder  
  98  7:28  Marine  
  98  7:29  Marine x2  
  102  7:30  SCV x3  
  102  7:33  Marauder  
  102  7:36  Marine  
  105  7:42  SCV  
  105  7:46  Marine, Marauder  
  105  7:50  Marine x2, Medivac x2  
  114  7:54  Marine  
  114  7:55  Marauder  
  117  8:00  Command Center  
  117  8:02  Supply Depot  
  117  8:03  Supply Depot, SCV x2  
  117  8:04  Marine  
  117  8:05  SCV  
  121  8:08  Marine x2, Terran Infantry Armor Level 1, Marauder  
  121  8:10  Engineering Bay, Armory  
  121  8:12  Marine  
  126  8:15  SCV x2  
  126  8:16  Marauder  
  128  8:20  Medivac x2  
  128  8:22  SCV  
  128  8:23  Marine  
  128  8:26  Marine  
  135  8:27  SCV x2  
  135  8:29  Supply Depot x2, Marauder  
  135  8:30  Supply Depot  
  135  8:31  Marine  
  135  8:32  Marine  
  141  8:34  SCV  
  141  8:38  Marauder  
  142  8:42  Marine  
  142  8:44  Marine  
  142  8:46  Factory Reactor  
  142  8:47  SCV x3  
  145  8:49  Starport, Marine  
  145  8:50  Marine, Marauder  
  149  8:56  Supply Depot  
  149  8:57  Supply Depot  
  149  8:59  Marine, Marauder  
  151  9:12  Marauder  
  151  9:13  Marine x2  
  151  9:14  Liberator x2  
  132  9:20  Marauder  
  112  9:25  Liberator x2  
  112  9:27  Marine  
  112  9:28  Marine  
  112  9:30  Marine  
  113  9:31  Marine  
  113  9:33  Marauder  
  118  9:42  Marauder  
  118  9:45  Marine x2  
  127  9:48  Marine  
  127  9:49  Marine  
  130  9:55  Refinery x2, Marauder  
  130  9:57  Liberator  
  132  10:02  Missile Turret  
  132  10:03  Marauder, Planetary Fortress  
  132  10:04  Missile Turret  
  132  10:07  Missile Turret  
  137  10:16  Marauder  
  137  10:17  Liberator x2  
  137  10:18  Missile Turret  
  139  10:24  Marauder  
  139  10:32  Marine  
  139  10:34  Marine  
  145  10:37  Marauder  
  145  10:40  Barracks Tech Lab x2  
  147  10:46  Command Center, Marauder  
  147  10:47  Liberator x2  
  149  10:50  Marine  
  149  10:53  Barracks  
  149  10:56  Barracks  
  150  11:00  Liberator x2  
  150  11:04  Marine  
  150  11:05  Marauder  
  159  11:17  Marine, Marauder  
  165  11:25  Marauder x2  
  169  11:26  Marauder  
  171  11:35  Ghost Academy  
  168  11:57  Marine x2, Marauder  
  168  11:58  Marine, Marauder x2  
Tags
 
Add a new tag
Caveats
  • Supply blocks, unpowered buildings, or Contaminate may cause inaccurate times.
  • Supply counts are checked every 10 seconds.